 Dungeon Crawl Stone Soup version 0.26.1-10-gdfb7c7de75 (webtiles) character file.

Game seed: 2273800162817291212

22503 Chiseanne the Thaumaturge (level 12, -4/97 HPs)
             Began as a Demonspawn Hedge Wizard on Apr 12, 2021.
             Was an Elder of Vehumet.
             Slain by a skeletal warrior
             ... wielding a cursed -2 glaive
              (25 damage)
             ... on level 12 of the Dungeon.
             The game lasted 00:50:02 (20328 turns).

Chiseanne the Thaumaturge (DsWz)                   Turns: 20328, Time: 00:50:03

Health: -4/97      AC: 11    Str: 11    XL:     12   Next: 63%
Magic:  0/26       EV: 14    Int: 19    God:    Vehumet [****..]
Gold:   708        SH:  0    Dex: 14    Spells: 21/32 levels left

rFire    . . .     SeeInvis .   a - +3 dagger (venom)
rCold    . . .     Faith    .   (no shield)
rNeg     . . .     Spirit   +   u - +1 leather armour of the Devil {Slay+5}
rPois    .         Reflect  .   b - +0 helmet
rElec    .         Harm     .   G - +1 cloak
rCorr    .         Rampage  .   A - +0 pair of gloves
Will     .....                  d - +0 pair of boots
Stlth    ++........             (no amulet)
HPRegen  0.26/turn              x - ring of wizardry
MPRegen  0.40/turn              (no ring)

@: no status effects
A: hooves 2, spiny 2, magic shield, magic regeneration, magic link, sharp scales
1
a: Renounce Religion


You were on level 12 of the Dungeon.
You worshipped Vehumet.
Vehumet was greatly pleased with you.
You visited 2 branches of the dungeon, and saw 13 of its levels.

You collected 876 gold pieces.
You spent 168 gold pieces at shops.

Inventory:

Hand Weapons
 a - a +3 dagger of venom (weapon)
 i - a +2 dagger of electrocution
 s - a +4 spear of flaming
 w - a +4 hunting sling
 B - a +3 hand axe of freezing
 C - a +1 broad axe of flaming
 K - a +4 scimitar of flaming
 R - a +2 war axe of venom
Missiles
 c - 4 silver boomerangs
 g - 59 poisoned darts (quivered)
 j - 100 sling bullets
 k - 345 arrows
 l - 9 javelins
 n - 169 bolts
 t - 7 curare-tipped darts
 v - 15 boomerangs
 J - a throwing net
 Q - 2 silver javelins
Armour
 b - a +0 helmet (worn)
 d - a +0 pair of boots (worn)
 p - a +0 buckler
 u - the +1 leather armour of the Devil (worn) {Slay+5}
   (You bought it in a shop on level 4 of the Dungeon)

   It affects your accuracy and damage with ranged weapons and melee attacks
   (+5).
 A - a +0 pair of gloves (worn)
 G - a +1 cloak (worn)
 L - a +2 robe of positive energy
 P - a +1 troll leather armour {Snorg}
 T - a +2 robe of cold resistance
 V - a +0 leather armour of fire resistance
Magical Staves
 z - an uncursed staff of earth
 U - an uncursed staff of cold
Jewellery
 o - an uncursed ring of ice
 x - a ring of wizardry (left hand)
Wands
 y - a wand of flame (17)
 F - a wand of iceblast (20)
Scrolls
 m - 2 scrolls of fog
 q - 2 scrolls of magic mapping
 E - a scroll of fear
 M - 3 scrolls of remove curse
Potions
 f - 5 potions of curing
 h - a potion of haste
 r - 2 potions of brilliance
 H - a potion of ambrosia
 I - a potion of mutation
 O - a potion of flight
Miscellaneous
 D - a box of beasts (inert)


   Skills:
 * Level 10.0 Fighting
 - Level 5.0 Armour
 * Level 5.3 Dodging
 - Level 1.7 Stealth
 * Level 10.5 Spellcasting
 - Level 6.5 Conjurations
 - Level 1.0 Summonings
 - Level 8.0 Translocations
 - Level 5.0 Air Magic
 - Level 5.5 Poison Magic


You had 21 spell levels left.
You knew the following spells:

 Your Spells              Type           Power        Failure   Level
a - Magic Dart            Conj           100%         1%          1
b - Searing Ray           Conj           68%          1%          2
c - Ignite Poison         Fire/Tmut/Pois 17%          1%          3
d - Mephitic Cloud        Conj/Pois/Air  31%          1%          3
e - Blink                 Tloc           N/A          1%          2

Your spell library contained the following spells:

 Spells                   Type           Power        Failure   Level
 Yara's Violent Unravell  Hex/Tmut       4%           24%         5
 Conjure Flame            Conj/Fire      22%          1%          3
 Gell's Gravitas          Tloc           20%          1%          3
 Lesser Beckoning         Tloc           20%          1%          3
 Teleport Other           Tloc           40%          1%          3
 Passage of Golubria      Tloc           N/A          1%          4
 Beastly Appendage        Tmut           18%          3%          1
 Call Imp                 Summ           13%          3%          2
 Spider Form              Tmut/Pois      10%          3%          3
 Slow                     Hex            9%           6%          2
 Wereblood                Tmut           9%           6%          2
 Ice Form                 Ice/Tmut       9%           32%         4
 Blade Hands              Tmut           4%           65%         5


Dungeon Overview and Level Annotations

Branches:
Dungeon (12/15)            Temple (1/1) D:6            Lair (0/6) D:8
    Orc (0/2) D:12

Altars:
Ashenzari
Cheibriados
Dithmenos
Elyvilon
Gozag
Kikubaaqudgha
Makhleb
Nemelex Xobeh
Qazlal
Ru
Sif Muna
Trog
Vehumet
Wu Jian
Xom
Yredelemnul

Shops:
D:4 *=}*[   D:7 (

Annotations:
D:4 1 runed translucent door, UnDebs's ghost, amateur DsWz
D:8 3 runed translucent doors, Quickbrownfox's ghost, novice DsGl
D:9 Gastronok


Innate Abilities, Weirdness & Mutations

You have hoof-like feet.
You are mostly covered in sharp spines.
When hurt, damage is shared between your health and your magic reserves.
You regenerate magic rapidly.
When low on magic, you restore magic in place of health.
You are partially covered in razor-sharp scales. (AC +1, Slay +1)


Message History

Aim: a skeletal warrior, wielding a -2 glaive (lightly damaged, 19% to evade)
The searing ray hits the skeletal warrior.
The skeletal warrior is moderately damaged. (Press . to maintain the ray.)
The searing ray hits the skeletal warrior.
The skeletal warrior is moderately damaged.
The skeletal warrior is struck by your spines.
The skeletal warrior hits you with a cursed -2 glaive!
The searing ray hits the skeletal warrior but does no damage.
The skeletal warrior is heavily damaged.
The skeletal warrior hits you with a cursed -2 glaive!
The searing ray hits the skeletal warrior.
The skeletal warrior is heavily damaged.
You finish channeling your searing ray.
The skeletal warrior hits you with a cursed -2 glaive!!
* * * LOW HITPOINT WARNING * * *
You feel much better.
The skeletal warrior is struck by your spines.
The skeletal warrior hits you with a cursed -2 glaive!!
You die...

#.......[..#.# #.....[().#
###.)..##.########.........#
##.....##.)......##(........#
...#..##..........##........#
.######............#...^....#
.# ##).....z..z...#....(..#
## #...#######....#.#######
##..##.8..8z##..##..# #
#.)##.....[.@##..##'####
#####.##..##.###..##.##....#
'.##..#..##..≈.##..#..#....#
#..#.##.##≈....≈##.##.#....#
####.#..#..#⌠}#..#..#.#....#
# #.#..#..#.>#..#..#^#....# #
#.##.##.§§.)§##.##.#....# #
#..#..##.§≈§##.....#....# #
##.##..######..##.##....#


You could see a skeletal warrior.

Vanquished Creatures
  Snorg (D:10)
  An ettin (D:12)
  A hydra (D:12)
  Fannar (D:11)
  A boulder beetle (D:12)
  Harold (D:9)
  Erica (D:9)
  2 two-headed ogres
  2 skeletal warriors
  An orc knight (D:11)
  Pikel (D:4)
  An ugly thing (D:12)
  2 cyclopes (D:12)
  A deep elf mage (D:12)
  A manticore (D:12)
  Psyche (D:9)
  4 gargoyles
  Maggie (D:8)
  A komodo dragon (D:8)
  A troll (D:11)
  4 slime creatures (D:12)
  A meliai zombie (D:12)
  A shadow (D:11)
  18 yaks
  2 acid dragons
  A water moccasin (D:5)
  3 black bears
  5 sky beasts
  8 orc warriors
  2 phantoms
  2 necrophages
  2 ice beasts
  5 ogres
  5 centaurs
  A lemure (D:4)
  2 big kobolds
  9 bullfrogs
  7 scorpions
  A wyvern skeleton (D:7)
  A water moccasin skeleton (D:10)
  8 killer bees
  A howler monkey (D:5)
  5 wights (D:7)
  A centaur zombie (D:11)
  2 bullfrog zombies
  4 jellies
  3 bullfrog skeletons
  7 orc priests
  5 hounds
  2 centaur skeletons (D:12)
  7 iguanas
  Terence (D:3)
  18 worker ants
  11 orc wizards
  A hound zombie (D:6)
  2 hound skeletons
  Robin (D:4)
  2 worker ant zombies
  6 gnolls
  20 adders
  A white imp (D:6)
  4 ufetubi
  An ooze (D:4)
  2 adder skeletons
  2 worms (D:4)
  A dart slug (D:2)
  7 leopard geckos
  67 orcs
  4 ball pythons
  4 bats
  6 giant cockroaches
  14 goblins
  12 hobgoblins
  5 jackals
  3 quokkas
  7 frilled lizards
  11 kobolds
  A quokka skeleton (D:5)
  12 rats
377 creatures vanquished.

Vanquished Creatures (others)
  8 fungi (D:8)
  7 plants (D:8)
15 creatures vanquished.

Grand Total: 392 creatures vanquished

Notes
Turn   | Place    | Note
-------+----------+-------------------------------------------
     0 | D:1      | Chiseanne the Demonspawn Hedge Wizard began the quest for
                  | the Orb.
     0 | D:1      | Reached XP level 1. HP: 13/13 MP: 4/4
   337 | D:1      | Gained mutation: When hurt, damage is shared between your
                  | health and your magic reserves. [demonic ancestry]
   337 | D:1      | Reached XP level 2. HP: 19/19 MP: 3/6
  1246 | D:1      | Learned a level 2 spell: Blink
  1619 | D:2      | Reached XP level 3. HP: 24/24 MP: 1/8
  2432 | D:3      | Gained mutation: You are partially covered in sharp spines.
                  | [demonic ancestry]
  2432 | D:3      | Reached XP level 4. HP: 30/30 MP: 8/10
  2740 | D:3      | Learned a level 3 spell: Mephitic Cloud
  2797 | D:3      | Noticed Terence
  2825 | D:3      | Chiseanne: oh look he is healed again...what a
                  | coincidence....fuck you
  2853 | D:3      | Killed Terence
  3288 | D:3      | Gained mutation: You have large cloven feet. [demonic
                  | ancestry]
  3288 | D:3      | Reached XP level 5. HP: 35/35 MP: 11/11
  3393 | D:3      | Found a sparkling altar of Nemelex Xobeh.
  3396 | D:3      | Found a burning altar of Makhleb.
  3396 | D:3      | Found a sacrificial altar of Ru.
  3435 | D:3      | Found a snail-covered altar of Cheibriados.
  3436 | D:3      | Found a basalt altar of Yredelemnul.
  3543 | D:4      | Found Amnuifuu's Jewellery Emporium.
  3545 | D:4      | Noticed an ogre
  3554 | D:4      | Noticed a lemure
  3561 | D:4      | Noticed a lemure
  3562 | D:4      | Noticed Pikel
  3568 | D:4      | Killed a lemure
  3577 | D:4      | Noticed a lemure
  3577 | D:4      | Noticed a lemure
  3581 | D:4      | Killed Pikel
  3582 | D:4      | Gained mutation: You regenerate magic rapidly. [demonic
                  | ancestry]
  3582 | D:4      | Reached XP level 6. HP: 29/41 MP: 3/12
  3613 | D:4      | Reached XP level 7. HP: 17/46 MP: 2/13
  3870 | D:4      | Found a glowing drain.
  3939 | D:4      | Found Himorhi's Gadget Boutique.
  4029 | D:4      | Found Kiew's General Store.
  4174 | D:4      | Found Jeheax's General Store.
  4324 | D:4      | Found Toreuluq's Antique Armour Emporium.
  4345 | D:4      | Bought a polished leather armour for 168 gold pieces
  4357 | D:4      | Identified the +1 leather armour of the Devil {Slay+5} (You
                  | bought it in a shop on level 4 of the Dungeon)
  4471 | D:4      | Noticed Robin
  4479 | D:4      | Killed Robin
  4566 | D:4      | Found a runed translucent door.
  4566 | D:4      | Noticed UnDebs's ghost (amateur DsWz)
  4972 | D:5      | Entered Level 5 of the Dungeon
  5029 | D:5      | You fall into a shaft and drop 2 floors!
  5178 | D:6      | Reached skill level 1 in Armour
  5321 | D:6      | Reached skill level 5 in Conjurations
  5321 | D:6      | Gained mutation: You have hoof-like feet. [demonic
                  | ancestry]
  5321 | D:6      | Reached XP level 8. HP: 40/52 MP: 4/14
  5470 | D:6      | Found a staircase to the Ecumenical Temple.
  5502 | Temple   | Entered the Ecumenical Temple
  5561 | Temple   | Became a worshipper of Vehumet
  5973 | D:5      | Reached skill level 5 in Poison Magic
  6272 | D:5      | Reached skill level 5 in Air Magic
  6561 | D:5      | Reached skill level 1 in Translocations
  6977 | D:6      | Gained mutation: You are mostly covered in sharp spines.
                  | [demonic ancestry]
  6977 | D:6      | Reached XP level 9. HP: 57/57 MP: 10/15
  7006 | D:6      | Noticed a gargoyle
  7030 | D:6      | Killed a gargoyle
  7573 | D:7      | Reached skill level 5 in Spellcasting
  7695 | D:7      | Reached skill level 1 in Fighting
  8027 | D:7      | Found Woqewuuc's Antique Weapon Boutique.
  8145 | D:7      | Reached * piety under Vehumet
  8145 | D:7      | Offered knowledge of Shock by Vehumet.
  9119 | D:8      | Found a white marble altar of Elyvilon.
  9123 | D:8      | Noticed Maggie
  9346 | D:7      | Reached skill level 5 in Armour
  9528 | D:8      | Noticed a komodo dragon
  9538 | D:8      | Found a runed translucent gate.
  9538 | D:8      | Found a runed translucent gate.
  9538 | D:8      | Killed Maggie
  9539 | D:8      | Gained mutation: When low on magic, you restore magic in
                  | place of health. [demonic ancestry]
  9539 | D:8      | Reached XP level 10. HP: 38/71 MP: 9/19
  9550 | D:8      | Noticed Quickbrownfox's ghost (novice DsGl)
  9560 | D:8      | HP: 2/71 [komodo dragon (24)]
 10123 | D:8      | Found a runed translucent gate.
 10480 | D:8      | Found a staircase to the Lair.
 10766 | D:9      | Noticed Harold
 10772 | D:9      | Noticed Gastronok
 11317 | D:9      | Noticed Erica
 11346 | D:9      | Killed Erica
 11347 | D:9      | Reached skill level 5 in Translocations
 11371 | D:9      | Killed Harold
 11372 | D:9      | Reached skill level 5 in Fighting
 11397 | D:9      | Noticed Psyche
 11507 | D:9      | Killed Psyche
 12146 | D:10     | Entered Level 10 of the Dungeon
 12471 | D:10     | Noticed a two-headed ogre
 12490 | D:10     | Killed a two-headed ogre
 12506 | D:10     | Reached ** piety under Vehumet
 12506 | D:10     | Offered knowledge of Searing Ray by Vehumet.
 12511 | D:10     | Learned a level 2 spell: Searing Ray
 12839 | D:10     | Reached XP level 11. HP: 82/82 MP: 22/22
 12975 | D:10     | Noticed Snorg
 13004 | D:10     | Killed Snorg
 13932 | D:11     | Offered knowledge of Frozen Ramparts by Vehumet.
 14162 | D:11     | Noticed a two-headed ogre
 14178 | D:11     | Killed a two-headed ogre
 14344 | D:11     | Noticed Fannar
 14363 | D:11     | Killed Fannar
 14711 | D:11     | Reached *** piety under Vehumet
 14840 | D:11     | Noticed an orc knight
 14872 | D:11     | Killed an orc knight
 15507 | D:12     | Noticed a boulder beetle
 15524 | D:12     | Killed a boulder beetle
 15657 | D:12     | Offered knowledge of Ignite Poison by Vehumet.
 15675 | D:12     | Learned a level 3 spell: Ignite Poison
 15682 | D:12     | Noticed a deep elf mage
 15691 | D:12     | Killed a deep elf mage
 16402 | D:12     | Noticed a five-headed hydra
 16402 | D:12     | Noticed an ettin
 16416 | D:12     | Killed a five-headed hydra
 16416 | D:12     | Noticed a skeletal warrior
 16417 | D:12     | Gained mutation: You are partially covered in razor-sharp
                  | scales. (AC +1, Slay +1) [demonic ancestry]
 16417 | D:12     | Reached XP level 12. HP: 55/94 MP: 12/25
 16434 | D:12     | Killed an ettin
 17122 | D:12     | Chiseanne: yeah right
 17534 | D:11     | HP: 3/95 [skeletal warrior/+0 short sword[a skeletal
                  | warrior] (10)]
 17927 | D:11     | Chiseanne: of course that piece of shit is glued to my ass,
                  | of cours while invis it hits me 100%, of course my spells
                  | dont do anything ..fuck you
 18139 | D:11     | Chiseanne: and also of course I tele right next to it all
                  | the times..fu
 18169 | D:12     | Chiseanne: and of course I go downstairs and ther is aother
                  | one coming around the corner excactly at that moment..fu
 18471 | D:12     | Chiseanne: you are a failure as game devs
 18627 | D:12     | Chiseanne: and of course the cloud doestn hit him...fu
 18628 | D:12     | Reached skill level 10 in Spellcasting
 18635 | D:12     | Reached **** piety under Vehumet
 18939 | D:12     | Chiseanne: that is as much failure as fizzling 3 times in a
                  | row at 1% with firestorm ina ziggurat..you suck
 18969 | D:12     | Offered knowledge of Yara's Violent Unravelling by Vehumet.
 19314 | D:12     | Found a staircase to the Orcish Mines.
 19658 | D:12     | Reached skill level 5 in Dodging
 19947 | D:11     | Chiseanne: oh look, "coincidently" its is hugging the
                  | stairs
 20031 | D:12     | Reached skill level 10 in Fighting
 20327 | D:12     | HP: 2/97 [skeletal warrior/cursed -2 glaive (29)]
 20328 | D:12     | Slain by a skeletal warrior

Illustrated notes

Levels and vault maps discovered:
D:1:      eino_arrival_tree_alley, layout_basic
D:2:      layout_rooms
D:3:      layout_loops_ring, nicolae_overflow_hidden_temple, uniq_terence
D:4:      layout_loops_ring, serial_shops, shop, nicolae_shop_window_shopping,
          shop, shop, nicolae_shop_window_shopping,
          cheibrodos_sewer_entry_drain, gammafunk_ghost_grave, uniq_pikel,
          uniq_robin
D:5:      layout_rooms, hangedman_decor_growths, chequers_serial_rivers_room_a
D:6:      layout_basic, minmay_temple_entry_butterflies
D:7:      layout_layer_cave, serial_shops, nicolae_shop_crystal
D:8:      layout_basic, overflow_temple_1_default,
          grunt_lair_entry_orc_guard_hut, gammafunk_ghost_split, uniq_maggie
D:9:      layout_long_grid, uniq_psyche, uniq_gastronok, uniq_erica, uniq_harold
D:10:     layout_basic, uniq_snorg
D:11:     cheibrodos_orc_bank, layout_stronghold,
          chequers_serial_rivers_small_b, uniq_fannar
D:12:     layout_roguey, hiddenorc2_lemuel, nzn_random_ring
Temple:   compressed_dpeg_circular_temple

Skill      XL: |  1  2  3  4  5  6  7  8  9 10 11 12 |
---------------+-------------------------------------+-----
Conjurations   | 2 4 5 6 |  6.5
Spellcasting   | 4 6 7 9 10 | 10.5
Air Magic      | 2 3 5 |  5.0
Poison Magic   | 3 4 5 |  5.5
Armour         | 1 3 5 |  5.0
Translocations | 1 4 6 8 |  8.0
Fighting       | 3 6 8 10 | 10.0
Dodging        | 3 5 |  5.3
Stealth        | |  1.7
Summonings     | |  1.0

Action                   |  1- 3 |  4- 6 |  7- 9 | 10-12 || total
-------------------------+-------+-------+-------+-------++-------
Melee: Dagger            |    17 |    39 |   155 |   382 ||   593
       Kick              |       |     6 |    21 |       ||    27
       Spear             |       |       |    39 |       ||    39
       Scimitar          |       |       |       |     5 ||     5
Throw: Dart              |       |    22 |       |    42 ||    64
 Cast: Magic Dart        |    89 |    20 |   227 |   108 ||   444
       Blink             |     1 |       |     2 |    40 ||    43
       Mephitic Cloud    |       |     7 |    13 |    91 ||   111
       Searing Ray       |       |       |       |    85 ||    85
       Ignite Poison     |       |       |       |     4 ||     4
Evoke: Wand              |       |       |       |     4 ||     4
       Box of beasts     |       |       |       |     1 ||     1
  Use: Scroll            |     4 |       |    12 |    14 ||    30
       Potion            |       |       |     3 |     6 ||     9
 Stab: Sleeping          |     1 |     1 |     3 |     2 ||     7
       Confused          |       |     2 |     7 |    21 ||    30
       Distracted        |       |       |       |     1 ||     1
Armor: Robe              |     2 |     2 |     1 |       ||     5
       Leather armour    |       |       |    52 |   126 ||   178
Dodge: Dodged            |    16 |    17 |   130 |   244 ||   407
